Map: Dragon Scales LE

Players

Kain - Winner!

  • Race: Zerg Zerg
  • League: Diamond
  • Spawn Location: 5:00

MattBarry

  • Race: Zerg Zerg
  • League: Gold
  • Spawn Location: 11:00

VOD

Have the link to the VOD?

Description

Time

  • Played on: Feb. 10, 2023, 2:54 p.m.
  • Length: 10:52
Show
View Real Time Build Order
Export as new Build Order

Kain Zerg - Winner!

Build Orders: Pool First 

Get SALT Encoding   

  12  0:18  Spawning Pool  
  11  0:22  Drone  
  11  0:27  Drone  
  13  0:31  Drone  
  14  0:39  Overlord  
  14  1:04  Queen  
  14  1:05  Zergling x4  
  14  1:06  Zergling x2  
  19  1:17  Zergling x2  
  20  1:30  Hatchery  
  19  1:35  Zergling x2  
  19  1:39  Drone  
  21  1:48  Overlord  
  21  2:00  Drone  
  22  2:08  Queen  
  24  2:19  Drone x4  
  28  2:36  Drone  
  28  2:39  Extractor  
  28  2:41  Drone  
  28  2:45  Queen  
  30  3:03  Drone  
  30  3:05  Drone x4  
  35  3:07  Overlord  
  36  3:27  Drone x4  
  39  3:39  Roach Warren  
  39  3:40  Evolution Chamber  
  33  3:57  Evolution Chamber  
  33  4:01  Drone x9  
  41  4:05  Queen  
  43  4:10  Zerg Missile Weapons Level 1  
  43  4:12  Drone  
  43  4:13  Overlord  
  44  4:25  Spine Crawler  
  44  4:31  Overlord  
  43  4:34  Roach x3  
  43  4:35  Roach  
  43  4:37  Drone  
  52  4:41  Extractor  
  52  4:43  Drone  
  52  4:44  Extractor  
  51  4:47  Drone  
  51  4:49  Overlord x3  
  52  5:00  Lair  
  52  5:09  Drone x2  
  52  5:10  Drone  
  52  5:11  Drone  
  52  5:13  Drone  
  57  5:14  Drone  
  57  5:18  Drone x3, Extractor  
  60  5:33  Overlord x3  
  60  5:36  Roach  
  60  5:37  Roach x4  
  70  5:52  Hatchery  
  69  6:07  Drone x10  
  79  6:13  Spire  
  79  6:16  Drone  
  79  6:18  Zerg Missile Weapons Level 2  
  79  6:24  Drone  
  80  6:27  Extractor  
  80  6:29  Extractor  
  80  6:31  Drone x3  
  81  6:33  Drone x2  
  81  6:35  Drone  
  81  6:39  Drone x3  
  88  6:40  Drone  
  88  6:46  Glial Reconstitution  
  88  6:54  Roach x2  
  92  7:02  Roach x4  
  100  7:20  Drone x4  
  100  7:22  Drone x2  
  106  7:23  Drone  
  106  7:26  Spine Crawler  
  106  7:27  Spine Crawler  
  105  7:30  Spine Crawler  
  105  7:31  Drone x5  
  105  7:32  Drone  
  110  7:46  Pneumatized Carapace  
  110  7:47  Extractor  
  110  7:48  Hatchery  
  110  7:49  Zerg Flyer Weapons Level 1, Extractor  
  107  7:56  Spore Crawler  
  106  7:59  Drone  
  106  8:01  Spine Crawler  
  106  8:02  Drone x3  
  109  8:05  Spore Crawler  
  109  8:06  Spine Crawler  
  109  8:08  Overlord  
  109  8:09  Overlord x6  
  107  8:14  Spore Crawler  
  106  8:47  Mutalisk x13  
  132  8:50  Mutalisk x2  
  132  8:51  Mutalisk x3  
  132  8:54  Zergling x4  
  132  8:55  Zergling x2  
  145  9:05  Drone x3  
  145  9:07  Drone x2  
  150  9:19  Overseer  
  150  9:36  Overlord x2  
  150  9:37  Mutalisk x4, Overlord  
  150  9:38  Mutalisk  
  160  9:42  Overlord x5  
  160  9:43  Overlord  
  160  10:23  Roach x6  
  160  10:24  Roach x8  
Show
View Real Time Build Order
Export as new Build Order

MattBarry Zerg 

Build Orders: Hatch First 

Get SALT Encoding   

  12  0:00  Drone  
  13  0:12  Overlord  
  13  0:17  Drone  
  14  0:30  Drone x2  
  16  0:50  Hatchery  
  16  0:52  Drone  
  16  0:56  Drone  
  17  0:59  Drone  
  18  1:06  Extractor  
  17  1:17  Spawning Pool  
  16  1:19  Drone  
  16  1:22  Drone  
  18  1:30  Drone  
  19  1:38  Drone  
  20  2:04  Queen  
  20  2:05  Zergling x6  
  25  2:12  Zergling x2  
  26  2:18  Zergling x2  
  24  2:38  Overlord  
  24  2:39  Overlord  
  24  2:46  Overlord  
  24  3:10  Hatchery  
  24  3:12  Zergling x4  
  25  3:20  Queen  
  25  3:25  Zergling x2  
  25  3:26  Zergling x2  
  27  3:29  Zergling x2  
  29  3:48  Zergling x8  
  31  3:55  Hatchery  
  30  4:03  Drone x2  
  32  4:16  Queen  
  34  4:23  Roach Warren  
  32  4:31  Drone x3  
  32  4:32  Drone x3  
  38  4:47  Drone  
  38  4:50  Extractor  
  38  5:05  Roach x2  
  42  5:16  Queen  
  42  5:18  Queen  
  42  5:19  Overlord  
  42  5:20  Roach x2  
  50  5:25  Metabolic Boost  
  49  5:40  Evolution Chamber  
  48  5:44  Evolution Chamber  
  47  5:52  Spine Crawler  
  47  5:55  Overlord x2  
  46  5:58  Drone x2  
  48  6:10  Lair  
  48  6:18  Drone x2  
  48  6:19  Drone  
  51  6:38  Spine Crawler  
  50  6:47  Drone x5  
  50  6:48  Drone  
  56  6:55  Drone x2  
  60  7:01  Roach x3  
  63  7:16  Zerg Missile Weapons Level 1  
  63  7:17  Zerg Ground Armor Level 1  
  63  7:23  Overlord x2  
  63  7:35  Hatchery  
  62  7:41  Ravager x2  
  62  7:42  Ravager  
  65  7:52  Glial Reconstitution  
  65  8:00  Extractor  
  65  8:02  Extractor  
  62  8:16  Ravager  
  62  8:17  Roach x2  
  62  8:18  Roach x2  
  71  8:27  Drone x5  
  71  8:28  Drone x3  
  71  8:31  Drone x4  
  71  8:33  Overlord x2  
  83  8:54  Spire  
  83  8:55  Spore Crawler  
  81  8:56  Spore Crawler  
  81  8:57  Spore Crawler  
  81  8:59  Spore Crawler  
  78  9:10  Queen  
  78  9:16  Zergling x22  
  89  9:52  Overlord x3  
  89  9:53  Overlord x2  
  89  9:54  Overlord  
  89  9:57  Spore Crawler  
  89  9:59  Spore Crawler  
  71  10:25  Drone  
  71  10:26  Drone x13  
Tags
 
Add a new tag
Caveats
  • Supply blocks, unpowered buildings, or Contaminate may cause inaccurate times.
  • Supply counts are checked every 10 seconds.